cohdb
Replays
Latest Replays
All Replays
Popular Replays
Top Player Replays
Match Explorer
How It Works
Community
CoH3 Stats
Reddit
Sign in to upload your games and track your stats! →
Sign in with Steam
Match 45094917
Unlisted
Match 45094917
Overview
Messages
Build Orders
End
Engineer Squad
Construct Barracks
1⁄4-ton 4x4 Truck
Riflemen Squad
Riflemen Squad
Construct Medical Station
Riflemen Squad
Mortar Pit
Infantry Support Center
Survival Training
Selects Airborne Battlegroup
Selects Heavy Machine Gun Paradrop
Heavy Machine Gun Paradrop
M1918 Browning Automatic Rifles
Selects Paratrooper Squad Paradrop
Selects Anti-tank Gun Team Paradrop
Anti-tank Gun Team Paradrop
Pixel
Darkness
Redwarx
Landser
*Mule
FeriG
0
0
Comments
sign in to comment!
No comments posted yet!